 Dungeon Crawl Stone Soup version 0.28.0-45-g0d030f2227 (webtiles) character file.

Game seed: 13148053632305954153

418 NinjaNoafa the Gusty (level 6, -1/51 HPs)
             Began as a Draconian Air Elementalist on Apr 13, 2022.
             Slain by Crazy Yiuf
             ... wielding a +4 quarterstaff of chaos
              (8 damage)
             ... on level 3 of the Dungeon.
             The game lasted 00:08:32 (3264 turns).

NinjaNoafa the Gusty (Draconian Air Elementalist)   Turns: 3264, Time: 00:08:33

Health: -1/51      AC:  6    Str: 10    XL:     6   Next: 61%
Magic:  8/10       EV: 12    Int: 18    God:
Gold:   23         SH:  0    Dex: 11    Spells: 10/11 levels left

rFire   + . .      SeeInvis .   b - +1 dagger (venom)
rCold   . . .      Faith    .   a - orb {light}
rNeg    . . .      Spirit   .   (armour unavailable)
rPois   .          Reflect  .   (helmet restricted)
rElec   .          Harm     .   (no cloak)
rCorr   .          Rampage  .   (no gloves)
Will    .....                   (no boots)
Stlth   +.........              (no amulet)
HPRegen 0.17/turn               (no ring)
MPRegen 0.12/turn               (no ring)

@: hasted, glowing, very quick
A: AC +6, unfitting armour, cold-blooded, fire resistance 1
a: no special abilities


You were on level 3 of the Dungeon.
You visited 1 branch of the dungeon, and saw 3 of its levels.

You collected 103 gold pieces.
You spent 80 gold pieces at shops.

Inventory:

Hand Weapons
 b - a +1 dagger of venom (weapon)
 e - a +1 antimagic spear
Missiles
 c - 56 stones
 f - 3 boomerangs
Armour
 a - an orb of light (worn)
Wands
 h - a wand of mindburst (9)
 i - a wand of flame (18)
Scrolls
 d - 2 scrolls of enchant armour
 g - 2 scrolls of teleportation
 m - a scroll of magic mapping
Potions
 k - a potion of flight


   Skills:
 - Level 3.0 Fighting
 - Level 2.2 Dodging
 - Level 3.0 Stealth
 + Level 3.0 Spellcasting
 + Level 2.9 Conjurations
 + Level 2.2 Fire Magic
 + Level 4.0 Air Magic
 + Level 0.0 Evocations


You had 10 spell levels left.
You knew the following spells:

 Your Spells              Type           Power      Damage    Failure   Level
a - Shock                 Conj/Air       60%        1d6       3%          1

Your spell library contained the following spells:

 Spells                   Type           Power      Damage    Failure   Level
 Static Discharge         Conj/Air       15%        N/A       6%          2
 Swiftness                Air            17%        N/A       9%          3
 Scorch                   Fire           20%        2d6       10%         2
 Apportation              Tloc           4%         N/A       16%         1
 Mephitic Cloud           Conj/Pois/Air  11%        N/A       19%         3
 Airstrike                Air            8%         N/A       30%         4
 Flame Wave               Conj/Fire      12%        2d6       50%         4
 Lightning Bolt           Conj/Air       7%         1d20      71%         5
 Manifold Assault         Tloc           2%         N/A       99%         5
 Summon Cactus Giant      Summ           1%         N/A       100%        6


Dungeon Overview and Level Annotations

Branches:
Dungeon (3/15)

Altars:

Shops:
D:3 *

Annotations:
D:3 2 transporters, Crazy Yiuf; pkoi's ghost, weakling DgWr


Innate Abilities, Weirdness & Mutations

Your plain brown scales are hard. (AC +6)
You cannot fit into any form of body armour.
You are cold-blooded and may be slowed by cold attacks.
Your flesh is heat resistant. (rF+)


Message History

Crazy Yiuf shouts!
Crazy Yiuf yells, "Snurf tea senile!"
Okay, then.
Okay, then.
You open the door. You hit Crazy Yiuf.
Crazy Yiuf is lightly wounded.
Crazy Yiuf hits you with a +4 quarterstaff of chaos!
You barely miss Crazy Yiuf.
Crazy Yiuf is lightly wounded.
Crazy Yiuf hits you with a +4 quarterstaff of chaos.
Space warps around you.
The zap hits Crazy Yiuf.
Crazy Yiuf is lightly wounded.
Crazy Yiuf barely misses you.
The zap misses Crazy Yiuf.
Crazy Yiuf barely misses you. That beam is likely to hit you.
Continue anyway? [Y]es or [N]o only, please.
That beam is likely to hit you.
Continue anyway?
Okay, then.
Crazy Yiuf cries, "Two alas bush!"
Crazy Yiuf cries, "You leg down broken song, no?"
The zap hits Crazy Yiuf.
Crazy Yiuf is heavily wounded.
The zap hits Crazy Yiuf.
Crazy Yiuf is heavily wounded.
Crazy Yiuf hits you with a +4 quarterstaff of chaos!
You are too injured to fight recklessly!
You hit Crazy Yiuf.
Crazy Yiuf is poisoned.
Crazy Yiuf is severely wounded.
Crazy Yiuf hits you with a +4 quarterstaff of chaos!
Crazy Yiuf draws strength from your wounds!
You hit Crazy Yiuf.
You tail-slap Crazy Yiuf, but do no damage.
Crazy Yiuf is severely wounded.
Crazy Yiuf hits you with a +4 quarterstaff of chaos!
* * * LOW HITPOINT WARNING * * *
You feel yourself speed up.
Crazy Yiuf hits you with a +4 quarterstaff of chaos!
You die...

#.......#
#'#
#.#...>.#
#.##
#.#####.###
##.#
#.........#
#.##
#.........#
##.#
#.#######.#
#.## #.#
#.# ###..#
#.# #.#


#PPgP# #.# #.# #..@.# ..# #.####....# ### #........## #####...## ##### You could
see Crazy Yiuf (very poisoned).

Vanquished Creatures
  Sigmund (D:3)
  A black bear (D:3)
  A bullfrog skeleton (D:3)
  3 gnolls (D:3)
  5 adders
  A worm (D:2)
  A dart slug (D:1)
  4 endoplasms
  3 giant cockroaches
  5 goblins
  6 hobgoblins
  4 jackals
  3 quokkas
  4 ball pythons
  5 bats
  2 frilled lizards (D:1)
  4 kobolds
  12 rats
65 creatures vanquished.

Vanquished Creatures (others)
  2 fungi (D:3)
2 creatures vanquished.

Grand Total: 67 creatures vanquished

Notes
Turn   | Place    | Note
-------+----------+-------------------------------------------
     0 | D:1      | NinjaNoafa the Draconian Air Elementalist began the quest
                  | for the Orb.
     0 | D:1      | Reached XP level 1. HP: 14/14 MP: 3/3
   201 | D:1      | Found a faded altar of an unknown god.
   257 | D:1      | Reached XP level 2. HP: 20/20 MP: 0/5
  1297 | D:2      | Reached XP level 3. HP: 26/26 MP: 4/6
  1442 | D:2      | Reached skill level 1 in Fire Magic
  1949 | D:2      | Reached XP level 4. HP: 34/34 MP: 3/7
  2414 | D:3      | Reached skill level 1 in Fighting
  2552 | D:3      | Found a transporter.
  2554 | D:3      | Found a transporter.
  2555 | D:3      | Noticed pkoi's ghost (weakling DgWr)
  2562 | D:3      | Noticed an ogre
  2569 | D:3      | Identified the +5 great mace "Goblinbane" {protect, Will+
                  | Dex+2}
  2569 | D:3      | Noticed an ogre
  2582 | D:3      | Gained mutation: Your flesh is heat resistant. (rF+)
                  | [potion of mutation]
  2671 | D:3      | Noticed a black bear
  2686 | D:3      | Killed a black bear
  2687 | D:3      | Reached XP level 5. HP: 45/45 MP: 0/8
  2763 | D:3      | Identified a scroll of acquirement
  2763 | D:3      | Acquired the Almanac of Spatial Feathers
  2839 | D:3      | Found Qukod Nebb's Assorted Antiques.
  2851 | D:3      | Bought a blackened copper wand for 80 gold pieces
  2930 | D:3      | Noticed Sigmund
  2939 | D:3      | Killed Sigmund
  2940 | D:3      | Reached skill level 4 in Air Magic
  2940 | D:3      | Reached XP level 6. HP: 35/51 MP: 5/10
  3245 | D:3      | Found a runed translucent door.
  3246 | D:3      | Noticed Crazy Yiuf
  3264 | D:3      | Slain by Crazy Yiuf

Illustrated notes

Levels and vault maps discovered:
D:1:      dpeg_arrival_short_road, layout_basic,
          chequers_ecumenical_altar_simple, minmay_tetromino_l4
D:2:      layout_rooms
D:3:      layout_basic, gammafunk_ghost_smash, serial_shops, shop, uniq_sigmund,
          uniq_crazy_yiuf_cottage

Skill      XL: |  1  2  3  4  5 |
---------------+----------------+-----
Dodging        | 2 |  2.2
Stealth        | 2 3 |  3.0
Fire Magic     | 1 2 |  2.2
Conjurations   | 2 |  2.9
Fighting       | 3 |  3.0
Spellcasting   | 3 |  3.0
Air Magic      | 4 |  4.0

Action                   |  1- 3 |  4- 6 || total
-------------------------+-------+-------++-------
Melee: Dagger            |    36 |    53 ||    89
       Tailslap          |     2 |     7 ||     9
       Unarmed           |     2 |       ||     2
       Punch             |       |     1 ||     1
 Cast: Shock             |    76 |    55 ||   131
Evoke: Wand              |       |     2 ||     2
  Use: Potion            |       |     6 ||     6
       Scroll            |       |     5 ||     5
Armor: Skin              |    11 |    38 ||    49
Dodge: Dodged            |    33 |    36 ||    69
